 Dungeon Crawl Stone Soup version 0.31-a0-889-g1a8549509d (webtiles) character file.

Game seed: 3886719241273764952

2014 lunkers the Martial Artist (level 9, -4/64 HPs)
             Began as a Meteoran Shapeshifter on Oct 16, 2023.
             Slain by a gnoll bouda
             ... wielding a +0 club
              (7 damage)
             ... on level 7 of the Dungeon.
             The game lasted 00:06:13 (2501 turns).

lunkers the Martial Artist (Meteoran Shapeshifter)  Turns: 2501, Time: 00:06:13

Health: -4/64      AC:  6    Str: 16    XL:     9   Next: 74%
Magic:  10/10      EV: 10    Int: 12    God:
Gold:   208        SH:  0    Dex: 18    Spells: 8/8 levels left

rFire   . .          .
                       - Unarmed
rCold   . . .        (no shield)
rNeg    . . .        f - +0 scale mail
rPois   .            (helmet currently unavailable)
rElec   .            (cloak currently unavailable)
rCorr   .            (gloves currently unavailable)
SInv    .            (boots currently unavailable)
Will    +....        (no amulet) Stlth
                     (no ring)
HPRegen 0.30/turn    (no ring)
MPRegen 0.12/turn

%: no passive effects
@: beast-form, weakened, glowing
A: beast (slay +4), sense surroundings 2, otherworldly, glowing, explore regen
a: Begin Untransformation


You were on level 7 of the Dungeon.
You were a hulking beast.
You visited 1 branch of the dungeon, and saw 7 of its levels.

You collected 208 gold pieces.

Inventory:

Armour
 a - a +0 animal skin
 f - a +0 scale mail (worn)
 m - a +0 pair of boots
Magical Staves
 g - the staff of Honour {rC+ Conj}
   (You found it on level 2 of the Dungeon)

   [staff of conjuration]

   Base accuracy: +5 Base damage: 5 Base attack delay: 1.2 This weapon's minimum
   attack delay (0.6) is reached at skill level 12.
   rC+:       It protects you from cold.
   Conj:      It increases the power of your Conjurations spells.
   It falls into the 'Staves' category.
   It is a one-handed weapon.
Jewellery
 r - a +6 ring of strength
Talismans
 c - a beast talisman (active)
 d - a flux talisman
 i - a maw talisman
Wands
 t - a wand of roots (7)
Scrolls
 b - a scroll of immolation
 l - 2 scrolls of silence
 n - 2 scrolls of identify
 o - a scroll of torment {unknown}
 q - a scroll of blinking {unknown}
 s - a scroll of enchant armour {unknown}
 v - a scroll of teleportation {unknown}
Potions
 e - 2 potions of curing
 h - 2 potions of brilliance
 j - 2 potions of invisibility
 k - 2 potions of ambrosia {unknown}
 p - a potion of experience {unknown}
 u - a potion of haste {unknown}
 w - a potion of heal wounds {unknown}
 x - a potion of mutation {unknown}


   Skills:
 - Level 1.1 Fighting
 - Level 2.1 Dodging
 * Level 12.0 Unarmed Combat
 + Level 8.4 Shapeshifting


You had 8 spell levels left.
You didn't know any spells.
Your spell library contained the following spells:

 Spells                   Type           Power      Damage    Failure   Level
 Apportation              Tloc           0%         N/A       77%         1
 Jinxbite                 Hex            0%         N/A       88%         2
 Call Canine Familiar     Summ           0%         N/A       98%         3
 Sigil of Binding         Hex            0%         N/A       98%         3
 Dimensional Bullseye     Hex/Tloc       0%         N/A       100%        4
 Leda's Liquefaction      Hex/Erth       0%         N/A       100%        4
 Alistair's Intoxication  Tmut/Pois      0%         N/A       100%        5
 Lee's Rapid Deconstruct  Erth           0%         3d4*      100%        5
 Bombard                  Conj/Erth      0%         9d1       100%        6


Dungeon Overview and Level Annotations

Branches:
Dungeon (7/15) Zot: 1733
 Temple: D:4-7

Altars:
Wu Jian
Yredelemnul

Annotations:
D:4 4 runed translucent doors, deremet's ghost, amateur AtWr
D:5 3 runed translucent doors, lunkers's ghost, novice MeSh


Innate Abilities, Weirdness & Mutations

You are a hulking beast.
Your limbs bulge with bestial killing power. (Slay +4)
You passively map the area around you.
You are easily found by Zot.
You glow in the dark.
You regain HP and MP as you explore.


Message History

Unknown command.
You punch the gnoll!
You kill the gnoll!
The gnoll bouda hits you but does no damage.
The gnoll hits you but does no damage. The gnoll barely misses you.
Unknown command.
You hit the gnoll.
The gnoll is lightly wounded.
The gnoll bouda hits you with a +0 club!
* * * LOW HITPOINT WARNING * * *
The gnoll barely misses you.
You barely miss the gnoll. You punch the gnoll!
The gnoll is severely wounded.
The gnoll hits you but does no damage. The gnoll bouda closely misses you.
The gnoll hits you with a +0 whip.
* * * LOW HITPOINT WARNING * * *
Unknown command.
You hit the gnoll.
You kill the gnoll!
The gnoll hits you from afar with a +0 halberd.
* * * LOW HITPOINT WARNING * * *
Your Unarmed Combat skill increases to level 12!
Unknown command.
You punch the gnoll bouda!
The gnoll bouda is heavily wounded.
The gnoll bouda hits you with a +0 club.
* * * LOW HITPOINT WARNING * * *
The gnoll hits you from afar with a +0 halberd.
* * * LOW HITPOINT WARNING * * *
You punch the gnoll bouda!
The gnoll bouda is almost dead.
The gnoll bouda mumbles some strange prayers to its god.
The gnoll bouda is healed somewhat.
Unknown command.
You punch the gnoll bouda!
The gnoll bouda is almost dead.
The gnoll hits you from afar with a +0 halberd.
* * * LOW HITPOINT WARNING * * *
The gnoll bouda hits you with a +0 club!
You die...

* , , *** * ..# * * ...
* *...# ,* , ^ * ... ,
##.#.# * .. #.... , *
.., *#..# , *, *
#.*###..# , *, ##g##...#
*, *### ##,...#
#.######.# ..,#..### *,*
#..# ##. #..#.. * **
###.## #.. #..#.. *
#...# #.#* #..#.. , *
##.### #.# #..#.. , ,
#..###..######.####..#..
,
........................


You could see a gnoll bouda and a gnoll (swift).

Vanquished Creatures
  Pikel (D:6)
  Sigmund (D:2)
  2 black bears
  4 ogres
  A phantom (D:6)
  A centaur (D:7)
  2 bullfrogs (D:7)
  3 scorpions
  A howler monkey (D:4)
  2 hounds (D:5)
  A jelly (D:6)
  A sleepcap (D:5)
  Natasha (twice) (D:4)
  2 iguanas
  3 gnolls (D:7)
  6 adders
  A white imp (D:5)
  3 worms
  3 dart slugs
  5 orcs (D:5)
  5 endoplasms
  3 giant cockroaches
  3 goblins
  3 hobgoblins
  A jackal (D:5)
  4 kobolds
  3 quokkas
  8 ball pythons
  6 frilled lizards
  7 rats
88 creatures vanquished.

Notes
Turn   | Place    | Note
-------+----------+-------------------------------------------
     0 | D:1      | lunkers the Meteoran Shapeshifter began the quest for the
                  | Orb.
     0 | D:1      | Reached XP level 1. HP: 16/16 MP: 2/2
    50 | D:1      | Reached skill level 4 in Unarmed Combat
    50 | D:1      | Reached XP level 2. HP: 17/23 MP: 3/3
   311 | D:1      | Reached XP level 3. HP: 28/28 MP: 4/4
   337 | D:2      | Identified the staff of Honour {rC+ Conj}
   433 | D:2      | Noticed Sigmund
   624 | D:2      | Killed Sigmund
   625 | D:2      | Reached skill level 6 in Unarmed Combat
   625 | D:2      | Reached skill level 5 in Shapeshifting
   625 | D:2      | Reached XP level 4. HP: 35/35 MP: 5/5
   625 | D:2      | Reached XP level 5. HP: 40/40 MP: 6/6
   625 | D:2      | Reached XP level 6. HP: 47/47 MP: 7/7
   690 | D:2      | Found an ornate altar of the Wu Jian Council.
   693 | D:2      | Noticed an ogre
   695 | D:2      | Found a faded altar of an unknown god.
   700 | D:2      | Killed an ogre
   701 | D:2      | Reached skill level 7 in Unarmed Combat
   876 | D:3      | Identified the +5 rapier of Non Obstante Veredicto {flame,
                  | *Slow rCorr Int+5}
   997 | D:3      | Reached XP level 7. HP: 50/52 MP: 8/8
  1084 | D:4      | Noticed Natasha
  1091 | D:4      | Killed Natasha
  1148 | D:4      | Noticed Natasha
  1154 | D:4      | Killed Natasha
  1274 | D:4      | Found a runed translucent door.
  1274 | D:4      | Noticed a human
  1279 | D:4      | Reached skill level 8 in Unarmed Combat
  1312 | D:4      | Found a runed translucent gate.
  1314 | D:4      | Found a runed translucent gate.
  1314 | D:4      | Noticed deremet's ghost (amateur AtWr)
  1315 | D:4      | Found a runed translucent gate.
  1448 | D:4      | Found a basalt altar of Yredelemnul.
  1465 | D:5      | Entered Level 5 of the Dungeon
  1511 | D:5      | Found a runed translucent gate.
  1511 | D:5      | Found a runed translucent gate.
  1512 | D:5      | Found a runed translucent gate.
  1514 | D:5      | Noticed lunkers's ghost (novice MeSh)
  1607 | D:5      | Reached XP level 8. HP: 40/59 MP: 9/9
  1713 | D:5      | Reached skill level 9 in Unarmed Combat
  2102 | D:6      | Noticed Pikel
  2123 | D:6      | Killed Pikel
  2124 | D:6      | Reached skill level 10 in Unarmed Combat
  2124 | D:6      | Gained mutation: You passively map the area around you.
                  | [Meteoran growth]
  2124 | D:6      | Reached XP level 9. HP: 22/64 MP: 10/10
  2137 | D:6      | Reached skill level 11 in Unarmed Combat
  2499 | D:7      | Reached skill level 12 in Unarmed Combat
  2501 | D:7      | HP: 3/64 [gnoll/+0 halberd[a gnoll bouda] (3)]
  2501 | D:7      | Slain by a gnoll bouda

Illustrated notes

Levels and vault maps discovered:
D:1:      spicycebolla_arrival_clurvy, layout_basic, corexii_leaking_fountain
D:2:      layout_rooms, basic_altar, ebering_ecumenical_altar_rust,
          kennysheep_minor_cross, patterned_corridor, uniq_sigmund
D:3:      layout_basic, hex_medium, minmay_cut_off
D:4:      black_bear_nest_1, layout_basic, dk_yredelemnul_ordeal,
          minmay_temple_entry_offerings, gammafunk_ghost_nasty_kobolds,
          hex_intersection, uniq_natasha
D:5:      minmay_inner_zag, layout_rooms, gammafunk_ghost_necromancy
D:6:      layout_cave_pods, minmay_liquid_box, uniq_pikel
D:7:      layout_rooms, demons_altar, grunt_ministairs_1, minmay_shop_damaged

Skill      XL: |  1  2  3  4  5  6  7  8  9 |
---------------+----------------------------+-----
Unarmed Combat | 4 6 7 8 10 12 | 12.0
Shapeshifting  | 5 6 7 8 |  8.4
Fighting       | |  1.1
Dodging        | |  2.1

Action                     |  1- 3 |  4- 6 |  7- 9 || total
---------------------------+-------+-------+-------++-------
  Melee: Unarmed           |    74 |    39 |   155 ||   268
         Punch             |     3 |     2 |     5 ||    10
    Use: Scroll            |     1 |     4 |     3 ||     8
         Potion            |     1 |       |       ||     1
 Armour: Animal skin       |     7 |       |       ||     7
         Scale mail        |    20 |    28 |   115 ||   163
         Skin              |     2 |       |       ||     2
  Dodge: Dodged            |    30 |     8 |    71 ||   109

Table legend: (Time is in decaauts)
 A = Elapsed time spent in this place.
 B = Non-inter-level travel time spent in this place.
 C = Inter-level travel time spent in this place.
 D = Time resting spent in this place.
 E = Time spent auto-exploring this place.
 F = Levels seen in this place.
 G = Mean time per level.
                   A        B        C        D        E       F      G
               +--------+--------+--------+--------+--------+-----+--------+
         Total |   2465 |   2405 |     60 |     48 |   1593 |   7 |  352.1 |
       Dungeon |   2465 |   2405 |     60 |     48 |   1593 |   7 |  352.1 |
               +--------+--------+--------+--------+--------+-----+--------+

Top non-repeatable levels by time:
     D:6: 524 daAuts
     D:5: 417 daAuts
     D:2: 413 daAuts
     D:4: 382 daAuts
     D:1: 333 daAuts
     D:3: 325 daAuts
     D:7: 69 daAuts
